Map: Cerulean Fall LE

Players

Soul - Winner!

  • Race: Protoss Protoss
  • League: Master
  • Spawn Location: 7:00

Stropheum

  • Race: Zerg Zerg
  • League: Master
  • Spawn Location: 1:00

VOD

Have the link to the VOD?

Description

Time

  • Played on: Dec. 12, 2018, 1:51 p.m.
  • Length: 13:33
Show
View Real Time Build Order
Export as new Build Order

Soul Protoss - Winner!

Build Orders: 1 Gate Expand 

Get SALT Encoding   

  12  0:01  Probe  
  13  0:13  Probe  
  14  0:21  Pylon  
  14  0:25  Probe  
  15  0:35  Probe  
  15  0:40  Gateway  
  16  0:43  Probe  
  16  0:48  Assimilator  
  17  0:53  Probe  
  18  1:05  Probe  
  19  1:18  Probe  
  20  1:28  Nexus  
  20  1:39  Cybernetics Core  
  20  1:42  Probe  
  21  1:51  Pylon  
  21  1:55  Probe  
  21  1:57  Assimilator  
  22  2:06  Warp Gate  
  22  2:07  Probe  
  23  2:08  Adept  
  23  2:19  Probe  
  26  2:31  Probe  
  26  2:36  Gateway  
  27  2:37  Gateway  
  27  2:41  Stalker  
  27  2:42  Probe  
  27  2:43  Probe  
  31  2:54  Probe  
  31  2:57  Probe  
  33  3:06  Probe  
  34  3:16  Probe  
  34  3:18  Probe  
  34  3:20  Stalker  
  34  3:25  Twilight Council  
  36  3:29  Probe  
  36  3:30  Probe  
  38  3:35  Pylon  
  38  3:38  Shield Battery  
  38  3:41  Probe  
  39  3:43  Probe  
  40  3:48  Forge  
  40  3:53  Probe  
  40  3:54  Assimilator  
  40  3:55  Probe  
  42  4:05  Probe, Blink  
  42  4:07  Probe  
  42  4:08  Sentry  
  42  4:09  Protoss Ground Weapons Level 1, Sentry  
  48  4:11  Sentry  
  50  4:17  Probe  
  50  4:19  Probe  
  52  4:29  Probe  
  54  4:31  Probe  
  54  4:33  Pylon  
  54  4:37  Pylon  
  54  4:46  Pylon  
  54  4:49  Nexus, Pylon  
  54  4:52  Pylon  
  54  4:55  Probe  
  54  4:59  Stalker x2  
  59  5:01  Stalker  
  61  5:24  Shield Battery, Gateway x2  
  61  5:25  Shield Battery  
  61  5:27  Gateway  
  61  5:34  Probe x2  
  63  5:42  Probe  
  63  5:43  Probe  
  63  5:45  Gateway x2  
  63  5:46  Protoss Ground Weapons Level 2  
  65  5:50  Probe  
  65  5:51  Probe, Pylon  
  67  6:00  Probe  
  67  6:01  Probe x2, Pylon  
  67  6:02  Sentry x2  
  67  6:03  Sentry  
  76  6:12  Probe  
  76  6:13  Probe x2  
  79  6:23  Stalker x3  
  79  6:24  Pylon  
  85  6:31  Robotics Facility  
  85  6:44  Stalker x5  
  87  6:58  Stalker x3  
  87  7:08  Stalker  
  87  7:09  Stalker  
  87  7:12  Probe, Assimilator  
  87  7:14  Assimilator  
  90  7:20  Assimilator  
  90  7:22  Sentry  
  92  7:23  Probe  
  92  7:24  Probe x2  
  95  7:35  Probe  
  95  7:36  Probe  
  95  7:37  Probe  
  98  7:41  Warp Prism  
  100  7:45  Protoss Ground Weapons Level 3  
  100  7:48  Probe x2  
  100  7:49  Probe  
  103  7:58  Zealot x4  
  109  8:00  Zealot x4  
  117  8:10  Templar Archives  
  117  8:20  Stalker  
  117  8:21  Stalker x3  
  125  8:27  Nexus  
  125  8:28  Pylon  
  125  8:34  Psionic Storm, Pylon  
  125  8:36  Pylon x2  
  125  8:37  Pylon  
  123  8:44  Stalker  
  123  8:45  Stalker x5  
  123  8:46  Stalker x2  
  125  9:01  Probe x2, Shield Battery  
  125  9:02  Probe  
  128  9:05  Shield Battery  
  128  9:17  High Templar x2  
  128  9:18  High Templar  
  128  9:23  Assimilator  
  135  9:24  Probe x2, Assimilator  
  135  9:25  Probe  
  135  9:27  Observer  
  138  9:36  Stalker x4  
  146  9:56  High Templar x2  
  150  10:09  Pylon  
  150  10:11  Photon Cannon  
  150  10:13  Photon Cannon  
  150  10:17  Stalker x6, Pylon  
  150  10:19  Pylon  
  150  10:20  Pylon  
  162  10:27  Photon Cannon  
  162  10:31  Photon Cannon  
  148  10:45  Stalker x8  
  128  11:16  Stalker x8  
  138  11:19  Archon x2  
  108  11:38  Warp Prism  
  108  11:41  Stalker, Gateway x2  
  108  11:42  Stalker x7  
  108  11:43  Gateway  
  108  11:46  Gateway  
  116  12:05  High Templar x3  
  116  12:06  High Templar  
  116  12:07  Stalker x4  
  132  12:34  Stalker x4  
  132  12:35  Stalker x2  
  144  12:37  Stalker x4  
  144  12:38  Stalker  
  152  13:01  Stalker x12  
  174  13:06  Archon  
  136  13:25  Stalker x8  
  136  13:26  Stalker  
Show
View Real Time Build Order
Export as new Build Order

Stropheum Zerg 

Build Orders: Hatch First, Roach Hydra 

Get SALT Encoding   

  12  0:00  Drone  
  13  0:12  Overlord  
  13  0:17  Drone  
  14  0:30  Drone x2  
  16  0:50  Hatchery  
  16  0:53  Drone  
  17  0:57  Drone  
  17  1:00  Drone  
  18  1:11  Extractor  
  17  1:16  Spawning Pool  
  16  1:18  Drone  
  16  1:23  Drone  
  18  1:28  Drone  
  19  1:39  Drone  
  20  1:49  Overlord  
  20  2:03  Queen x2  
  20  2:04  Zergling x2  
  20  2:05  Zergling x2  
  26  2:11  Drone  
  27  2:15  Metabolic Boost  
  27  2:17  Drone  
  27  2:22  Drone  
  29  2:23  Drone  
  30  2:40  Hatchery  
  29  2:45  Drone  
  29  2:46  Overlord  
  29  2:48  Drone  
  31  2:51  Drone  
  31  2:54  Drone  
  31  2:56  Drone  
  34  3:04  Drone  
  35  3:08  Queen  
  35  3:10  Spore Crawler  
  36  3:14  Spore Crawler  
  36  3:19  Overlord  
  37  3:21  Drone x4  
  37  3:24  Drone x2  
  37  3:27  Drone  
  44  3:32  Spore Crawler  
  43  3:37  Spore Crawler  
  43  3:39  Overlord  
  43  3:40  Drone  
  44  3:41  Drone  
  44  3:47  Extractor  
  43  3:48  Extractor  
  43  3:49  Drone x2  
  43  3:52  Drone  
  45  3:57  Drone x3  
  48  4:04  Drone x3  
  48  4:05  Drone  
  48  4:06  Spore Crawler  
  48  4:07  Drone  
  52  4:14  Drone x3  
  55  4:17  Overlord  
  55  4:22  Evolution Chamber  
  55  4:24  Lair  
  54  4:33  Roach Warren  
  53  4:40  Drone  
  53  4:41  Drone x6  
  53  4:43  Overlord  
  60  4:46  Overlord  
  60  4:50  Zerg Missile Weapons Level 1  
  60  4:51  Overlord  
  60  5:12  Roach  
  60  5:13  Roach x9  
  80  5:15  Roach  
  80  5:16  Roach  
  80  5:20  Glial Reconstitution  
  83  5:22  Overlord  
  83  5:23  Overlord  
  83  5:26  Overlord  
  83  5:33  Roach x3  
  89  5:39  Overlord  
  89  5:44  Roach x5  
  89  5:47  Roach x2  
  89  5:49  Roach  
  105  5:54  Roach x3  
  111  6:05  Overlord x2  
  111  6:06  Drone x6  
  111  6:07  Drone  
  118  6:19  Drone x3  
  118  6:20  Hatchery  
  120  6:27  Extractor  
  120  6:28  Extractor, Drone x6  
  124  6:33  Overlord x2  
  115  6:52  Drone  
  115  6:53  Drone x7  
  113  7:00  Zerg Missile Weapons Level 2  
  101  7:01  Drone x3  
  101  7:02  Drone x6  
  96  7:17  Roach x2, Zergling x4  
  102  7:23  Baneling Nest  
  101  7:30  Roach x9  
  101  7:36  Hydralisk Den  
  118  7:38  Overseer, Infestation Pit  
  118  7:41  Overlord x3  
  118  7:43  Roach x5, Extractor  
  126  7:52  Roach x2  
  130  8:02  Extractor  
  130  8:04  Extractor  
  128  8:13  Grooved Spines  
  128  8:14  Hive, Hatchery  
  127  8:21  Drone x6  
  127  8:26  Spine Crawler  
  132  8:31  Hydralisk x6  
  144  8:58  Roach  
  144  8:59  Roach x9, Spine Crawler x2  
  144  9:00  Spine Crawler  
  144  9:01  Spine Crawler  
  160  9:04  Centrifical Hooks  
  160  9:10  Queen  
  160  9:11  Queen  
  160  9:16  Zerg Ground Armor Level 1  
  164  9:18  Evolution Chamber  
  163  9:25  Muscular Augments  
  163  9:29  Spire  
  162  9:37  Overlord x3  
  162  9:38  Hydralisk x2, Overlord x3  
  162  9:39  Hydralisk x2  
  170  9:46  Queen, Overseer  
  170  9:49  Zerg Missile Weapons Level 3  
  172  9:54  Baneling x3  
  172  9:55  Baneling  
  172  10:15  Hydralisk x10  
  192  10:29  Hatchery  
  192  10:32  Hydralisk  
  192  10:33  Hydralisk x7  
  193  10:37  Hydralisk x2  
  193  10:38  Zergling x2  
  193  10:39  Zergling x2  
  168  10:53  Hydralisk x4  
  168  10:54  Roach x4  
  178  11:01  Hydralisk x3  
  178  11:02  Hydralisk  
  168  11:06  Hydralisk x2  
  168  11:08  Zergling x2  
  142  11:12  Hydralisk x2  
  144  11:24  Hydralisk  
  144  11:25  Hydralisk x5  
  146  11:26  Zergling x2  
  137  11:37  Zergling x12  
  132  11:48  Hydralisk x3  
  132  11:49  Hydralisk x2, Zergling x2  
  132  11:50  Zergling x2  
  130  12:12  Baneling x18  
  130  12:15  Hydralisk x5  
  132  12:16  Zergling x10  
  145  12:24  Drone x7  
  152  12:30  Hydralisk x2  
  156  12:47  Hydralisk  
  156  12:48  Hydralisk x6  
  160  12:55  Hydralisk  
  160  12:56  Hydralisk x3  
  160  12:57  Zergling x2  
  155  13:08  Hydralisk x6  
  143  13:14  Zergling x12  
Tags
 
Add a new tag
Caveats
  • Supply blocks, unpowered buildings, or Contaminate may cause inaccurate times.
  • Supply counts are checked every 10 seconds.